Workbook

Sheet Export Summary
B3: This document was exported from Numbers. Each table was converted to an Excel worksheet. All other objects on each Numbers sheet were placed on separate worksheets. Please be aware that formula calculations may differ in Excel.
B7: Numbers Sheet Name | C7: Numbers Table Name | D7: Excel Worksheet Name
B9: Questions
C10: Table 1 | D10: Questions
B11: 12month P&L,Yr 1
C12: Table 1 | D12: 12month P&L,Yr 1
B13: Year 2 P&L
C14: Table 1 | D14: Year 2 P&L
B15: Year 3 P&L
C16: Table 1 | D16: Year 3 P&L

Sheet Questions
A1: Questions | B1: Response | C1: Additional considerations
A2: What is the vital financial information needed to determine the viability of your plan ? | B2: The sources of finance
A3: What ratios will you use to determine if the proposed plan is a success? | B3: Profit margin ratios and ROI
A4: What other, nonfinancial, information did you use to put your plan together? | B4: Feasibility study analysis and managerial competence
A5: Consider the assumptions made when completing Part 3. What assumptions are made? List the assumptions that you used to formulate this plan. | B5: 1. finances are readily available.
A6: Discuss the financial results from your Pro Forma projections. Include the net income results, breakeven analysis, and required expenses to commercialize your product or service.
A7: Explain how you would determine your pricing model. What seems most appropriate for your business and industry in which you will compete? | B7: Penetration pricing
A8: Identify your cost structure. Is your business model cost-driven or value driven? Justify your selection. | B8: Value driven
A9: Review your decision for a revenue model. Based on the financial statements, will this model generate a profit? Provide evidence to prove it.
A10: Where are you getting capital to meet your strategic initiative? What terms will be most likely deemed acceptable?
A11: Did you have to reevaluate (go back) why?

Sheet 12month P&L,Yr 1
A1: AT & T Profit and Loss Statement
A2: Instructions
A3: Give careful thought to the headings. | B3: Amount in '000'
A4: Expand the sales income and expenses area if your business has distinct categories (e.g. a restaurant may have food sales and beverage sales listed separately and cost of sales for each also separated).
A5: Month | B5: One | C5: Two | D5: Three | E5: Four | F5: Five | G5: Six | H5: Seven | I5: Eight | J5: Nine | K5: Ten | L5: Eleven | M5: Twelve
A6: Income
A7: Sales
A8: Sale of goods/services | B8: 310530 | C8: =1.03*B8 -> 319845.9 | D8: =0.96*C8 -> 307052.06 | E8: =1.02*D8 -> 313193.11 | F8: =1.013*E8 -> 317264.62 | G8: =1.02*F8 -> 323609.91 | H8: =0.96*G8 -> 310665.51 | I8: =1.015*H8 -> 315325.49 | J8: =1.005*I8 -> 316902.12 | K8: =0.99*J8 -> 313733.1 | L8: =1.054*K8 -> 330674.69 | M8: =1.003*L8 -> 331666.71
A9: Sundry Income (e.g. Commission earned, frachise fees etc.) | B9: 4325 | C9: =1.03*B9 -> 4454.75 | D9: =0.96*C9 -> 4276.56 | E9: =1.02*D9 -> 4362.0912 | F9: =1.013*E9 -> 4418.7984 | G9: =1.02*F9 -> 4507.1744 | H9: =0.96*G9 -> 4326.8874 | I9: =1.015*H9 -> 4391.7907 | J9: =1.005*I9 -> 4413.7496 | K9: =0.99*J9 -> 4369.6121 | L9: =1.054*K9 -> 4605.5712 | M9: =1.003*L9 -> 4619.3879
A10: Etc. | B10: 0 | C10: =1.03*B10 -> 0 | D10: =0.96*C10 -> 0 | E10: =1.02*D10 -> 0 | F10: =1.013*E10 -> 0 | G10: =1.02*F10 -> 0 | H10: =0.96*G10 -> 0 | I10: =1.015*H10 -> 0 | J10: =1.005*I10 -> 0 | K10: =0.99*J10 -> 0 | L10: =1.054*K10 -> 0 | M10: =1.003*L10 -> 0
A11: Total Sales | B11: =B8+B9 -> 314855 | C11: =1.03*B11 -> 324300.65 | D11: =0.96*C11 -> 311328.62 | E11: =1.02*D11 -> 317555.2 | F11: =1.013*E11 -> 321683.41 | G11: =1.02*F11 -> 328117.08 | H11: =0.96*G11 -> 314992.4 | I11: =1.015*H11 -> 319717.29 | J11: =1.005*I11 -> 321315.87 | K11: =0.99*J11 -> 318102.71 | L11: =1.054*K11 -> 335280.26 | M11: =1.003*L11 -> 336286.1
A12: Less Discounts/Commissions | C12: =1.03*B12 -> 0 | D12: =0.96*C12 -> 0 | E12: =1.02*D12 -> 0 | F12: =1.013*E12 -> 0 | G12: =1.02*F12 -> 0 | H12: =0.96*G12 -> 0 | I12: =1.015*H12 -> 0 | J12: =1.005*I12 -> 0 | K12: =0.99*J12 -> 0 | L12: =1.054*K12 -> 0 | M12: =1.003*L12 -> 0
A13: Sales Discounts given | B13: 19286 | C13: =1.03*B13 -> 19864.58 | D13: =0.96*C13 -> 19069.997 | E13: =1.02*D13 -> 19451.397 | F13: =1.013*E13 -> 19704.265 | G13: =1.02*F13 -> 20098.35 | H13: =0.96*G13 -> 19294.416 | I13: =1.015*H13 -> 19583.832 | J13: =1.005*I13 -> 19681.752 | K13: =0.99*J13 -> 19484.934 | L13: =1.054*K13 -> 20537.121 | M13: =1.003*L13 -> 20598.732
A14: Sales Commissions paid | B14: 10600 | C14: =1.03*B14 -> 10918 | D14: =0.96*C14 -> 10481.28 | E14: =1.02*D14 -> 10690.906 | F14: =1.013*E14 -> 10829.887 | G14: =1.02*F14 -> 11046.485 | H14: =0.96*G14 -> 10604.626 | I14: =1.015*H14 -> 10763.695 | J14: =1.005*I14 -> 10817.514 | K14: =0.99*J14 -> 10709.338 | L14: =1.054*K14 -> 11287.643 | M14: =1.003*L14 -> 11321.506
A15: Total Discounts/ Commissions | B15: =B13+B14 -> 29886 | C15: =1.03*B15 -> 30782.58 | D15: =0.96*C15 -> 29551.277 | E15: =1.02*D15 -> 30142.302 | F15: =1.013*E15 -> 30534.152 | G15: =1.02*F15 -> 31144.835 | H15: =0.96*G15 -> 29899.042 | I15: =1.015*H15 -> 30347.528 | J15: =1.005*I15 -> 30499.265 | K15: =0.99*J15 -> 30194.273 | L15: =1.054*K15 -> 31824.763 | M15: =1.003*L15 -> 31920.238
A16: Total Net Income | B16: =B11-B15 -> 284969 | C16: =1.03*B16 -> 293518.07 | D16: =0.96*C16 -> 281777.35 | E16: =1.02*D16 -> 287412.89 | F16: =1.013*E16 -> 291149.26 | G16: =1.02*F16 -> 296972.25 | H16: =0.96*G16 -> 285093.36 | I16: =1.015*H16 -> 289369.76 | J16: =1.005*I16 -> 290816.61 | K16: =0.99*J16 -> 287908.44 | L16: =1.054*K16 -> 303455.5 | M16: =1.003*L16 -> 304365.86
A17: Cost of Sales | C17: =1.03*B17 -> 0 | D17: =0.96*C17 -> 0 | E17: =1.02*D17 -> 0 | F17: =1.013*E17 -> 0 | G17: =1.02*F17 -> 0 | H17: =0.96*G17 -> 0 | I17: =1.015*H17 -> 0 | J17: =1.005*I17 -> 0 | K17: =0.99*J17 -> 0 | L17: =1.054*K17 -> 0 | M17: =1.003*L17 -> 0
A18: Opening Stock | B18: 56400 | C18: =1.03*B18 -> 58092 | D18: =0.96*C18 -> 55768.32 | E18: =1.02*D18 -> 56883.686 | F18: =1.013*E18 -> 57623.174 | G18: =1.02*F18 -> 58775.638 | H18: =0.96*G18 -> 56424.612 | I18: =1.015*H18 -> 57270.981 | J18: =1.005*I18 -> 57557.336 | K18: =0.99*J18 -> 56981.763 | L18: =1.054*K18 -> 60058.778 | M18: =1.003*L18 -> 60238.955
A19: Stock Purchased | B19: 60500 | C19: =1.03*B19 -> 62315 | D19: =0.96*C19 -> 59822.4 | E19: =1.02*D19 -> 61018.848 | F19: =1.013*E19 -> 61812.093 | G19: =1.02*F19 -> 63048.335 | H19: =0.96*G19 -> 60526.401 | I19: =1.015*H19 -> 61434.298 | J19: =1.005*I19 -> 61741.469 | K19: =0.99*J19 -> 61124.054 | L19: =1.054*K19 -> 64424.753 | M19: =1.003*L19 -> 64618.028
B20: =B18+B19 -> 116900 | C20: =1.03*B20 -> 120407 | D20: =0.96*C20 -> 115590.72 | E20: =1.02*D20 -> 117902.53 | F20: =1.013*E20 -> 119435.27 | G20: =1.02*F20 -> 121823.97 | H20: =0.96*G20 -> 116951.01 | I20: =1.015*H20 -> 118705.28 | J20: =1.005*I20 -> 119298.81 | K20: =0.99*J20 -> 118105.82 | L20: =1.054*K20 -> 124483.53 | M20: =1.003*L20 -> 124856.98
A21: Less Closing Stock | B21: 48700 | C21: =1.03*B21 -> 50161 | D21: =0.96*C21 -> 48154.56 | E21: =1.02*D21 -> 49117.651 | F21: =1.013*E21 -> 49756.181 | G21: =1.02*F21 -> 50751.304 | H21: =0.96*G21 -> 48721.252 | I21: =1.015*H21 -> 49452.071 | J21: =1.005*I21 -> 49699.331 | K21: =0.99*J21 -> 49202.338 | L21: =1.054*K21 -> 51859.264 | M21: =1.003*L21 -> 52014.842
A22: Total Cost of Sales | B22: =B18+B19-B21 -> 68200 | C22: =1.03*B22 -> 70246 | D22: =0.96*C22 -> 67436.16 | E22: =1.02*D22 -> 68784.883 | F22: =1.013*E22 -> 69679.087 | G22: =1.02*F22 -> 71072.668 | H22: =0.96*G22 -> 68229.762 | I22: =1.015*H22 -> 69253.208 | J22: =1.005*I22 -> 69599.474 | K22: =0.99*J22 -> 68903.479 | L22: =1.054*K22 -> 72624.267 | M22: =1.003*L22 -> 72842.14
C23: =1.03*B23 -> 0 | D23: =0.96*C23 -> 0 | E23: =1.02*D23 -> 0 | F23: =1.013*E23 -> 0 | G23: =1.02*F23 -> 0 | H23: =0.96*G23 -> 0 | I23: =1.015*H23 -> 0 | J23: =1.005*I23 -> 0 | K23: =0.99*J23 -> 0 | L23: =1.054*K23 -> 0 | M23: =1.003*L23 -> 0
A24: Gross Profit | B24: =B16-B22 -> 216769 | C24: =1.03*B24 -> 223272.07 | D24: =0.96*C24 -> 214341.19 | E24: =1.02*D24 -> 218628.01 | F24: =1.013*E24 -> 221470.18 | G24: =1.02*F24 -> 225899.58 | H24: =0.96*G24 -> 216863.6 | I24: =1.015*H24 -> 220116.55 | J24: =1.005*I24 -> 221217.13 | K24: =0.99*J24 -> 219004.96 | L24: =1.054*K24 -> 230831.23 | M24: =1.003*L24 -> 231523.72
A25: Expenses | C25: =1.03*B25 -> 0 | D25: =0.96*C25 -> 0 | E25: =1.02*D25 -> 0 | F25: =1.013*E25 -> 0 | G25: =1.02*F25 -> 0 | H25: =0.96*G25 -> 0 | I25: =1.015*H25 -> 0 | J25: =1.005*I25 -> 0 | K25: =0.99*J25 -> 0 | L25: =1.054*K25 -> 0 | M25: =1.003*L25 -> 0
A26: General & Administrative | C26: =1.03*B26 -> 0 | D26: =0.96*C26 -> 0 | E26: =1.02*D26 -> 0 | F26: =1.013*E26 -> 0 | G26: =1.02*F26 -> 0 | H26: =0.96*G26 -> 0 | I26: =1.015*H26 -> 0 | J26: =1.005*I26 -> 0 | K26: =0.99*J26 -> 0 | L26: =1.054*K26 -> 0 | M26: =1.003*L26 -> 0
A27: Bank charges | B27: 658 | C27: =1.03*B27 -> 677.74 | D27: =0.96*C27 -> 650.6304 | E27: =1.02*D27 -> 663.64301 | F27: =1.013*E27 -> 672.27037 | G27: =1.02*F27 -> 685.71577 | H27: =0.96*G27 -> 658.28714 | I27: =1.015*H27 -> 668.16145 | J27: =1.005*I27 -> 671.50226 | K27: =0.99*J27 -> 664.78724 | L27: =1.054*K27 -> 700.68575 | M27: =1.003*L27 -> 702.7878
A28: Credit card commission | B28: 431 | C28: =1.03*B28 -> 443.93 | D28: =0.96*C28 -> 426.1728 | E28: =1.02*D28 -> 434.69626 | F28: =1.013*E28 -> 440.34731 | G28: =1.02*F28 -> 449.15425 | H28: =0.96*G28 -> 431.18808 | I28: =1.015*H28 -> 437.6559 | J28: =1.005*I28 -> 439.84418 | K28: =0.99*J28 -> 435.44574 | L28: =1.054*K28 -> 458.95981 | M28: =1.003*L28 -> 460.33669
A29: Consultant fees | B29: 400 | C29: =1.03*B29 -> 412 | D29: =0.96*C29 -> 395.52 | E29: =1.02*D29 -> 403.4304 | F29: =1.013*E29 -> 408.675 | G29: =1.02*F29 -> 416.8485 | H29: =0.96*G29 -> 400.17456 | I29: =1.015*H29 -> 406.17717 | J29: =1.005*I29 -> 408.20806 | K29: =0.99*J29 -> 404.12598 | L29: =1.054*K29 -> 425.94878 | M29: =1.003*L29 -> 427.22663
A30: Office Supplies | B30: 890 | C30: =1.03*B30 -> 916.7 | D30: =0.96*C30 -> 880.032 | E30: =1.02*D30 -> 897.63264 | F30: =1.013*E30 -> 909.30186 | G30: =1.02*F30 -> 927.4879 | H30: =0.96*G30 -> 890.38839 | I30: =1.015*H30 -> 903.74421 | J30: =1.005*I30 -> 908.26293 | K30: =0.99*J30 -> 899.1803 | L30: =1.054*K30 -> 947.73604 | M30: =1.003*L30 -> 950.57925
A31: License fees | B31: 235 | C31: =1.03*B31 -> 242.05 | D31: =0.96*C31 -> 232.368 | E31: =1.02*D31 -> 237.01536 | F31: =1.013*E31 -> 240.09656 | G31: =1.02*F31 -> 244.89849 | H31: =0.96*G31 -> 235.10255 | I31: =1.015*H31 -> 238.62909 | J31: =1.005*I31 -> 239.82223 | K31: =0.99*J31 -> 237.42401 | L31: =1.054*K31 -> 250.24491 | M31: =1.003*L31 -> 250.99564
A32: Business insurance | B32: 569 | C32: =1.03*B32 -> 586.07 | D32: =0.96*C32 -> 562.6272 | E32: =1.02*D32 -> 573.87974 | F32: =1.013*E32 -> 581.34018 | G32: =1.02*F32 -> 592.96698 | H32: =0.96*G32 -> 569.2483 | I32: =1.015*H32 -> 577.78703 | J32: =1.005*I32 -> 580.67596 | K32: =0.99*J32 -> 574.8692 | L32: =1.054*K32 -> 605.91214 | M32: =1.003*L32 -> 607.72988
A33: Etc. | B33: 0 | C33: =1.03*B33 -> 0 | D33: =0.96*C33 -> 0 | E33: =1.02*D33 -> 0 | F33: =1.013*E33 -> 0 | G33: =1.02*F33 -> 0 | H33: =0.96*G33 -> 0 | I33: =1.015*H33 -> 0 | J33: =1.005*I33 -> 0 | K33: =0.99*J33 -> 0 | L33: =1.054*K33 -> 0 | M33: =1.003*L33 -> 0
A34: Total General & Administrative | B34: 3200 | C34: =1.03*B34 -> 3296 | D34: =0.96*C34 -> 3164.16 | E34: =1.02*D34 -> 3227.4432 | F34: =1.013*E34 -> 3269.4 | G34: =1.02*F34 -> 3334.788 | H34: =0.96*G34 -> 3201.3964 | I34: =1.015*H34 -> 3249.4174 | J34: =1.005*I34 -> 3265.6645 | K34: =0.99*J34 -> 3233.0078 | L34: =1.054*K34 -> 3407.5903 | M34: =1.003*L34 -> 3417.813
A35: Marketing & Promotional | C35: =1.03*B35 -> 0 | D35: =0.96*C35 -> 0 | E35: =1.02*D35 -> 0 | F35: =1.013*E35 -> 0 | G35: =1.02*F35 -> 0 | H35: =0.96*G35 -> 0 | I35: =1.015*H35 -> 0 | J35: =1.005*I35 -> 0 | K35: =0.99*J35 -> 0 | L35: =1.054*K35 -> 0 | M35: =1.003*L35 -> 0
A36: Advertising | B36: 623 | C36: =1.03*B36 -> 641.69 | D36: =0.96*C36 -> 616.0224 | E36: =1.02*D36 -> 628.34285 | F36: =1.013*E36 -> 636.51131 | G36: =1.02*F36 -> 649.24153 | H36: =0.96*G36 -> 623.27187 | I36: =1.015*H36 -> 632.62095 | J36: =1.005*I36 -> 635.78405 | K36: =0.99*J36 -> 629.42621 | L36: =1.054*K36 -> 663.41523 | M36: =1.003*L36 -> 665.40547
A37: Promotion - General | B37: 980 | C37: =1.03*B37 -> 1009.4 | D37: =0.96*C37 -> 969.024 | E37: =1.02*D37 -> 988.40448 | F37: =1.013*E37 -> 1001.2537 | G37: =1.02*F37 -> 1021.2788 | H37: =0.96*G37 -> 980.42766 | I37: =1.015*H37 -> 995.13408 | J37: =1.005*I37 -> 1000.1097 | K37: =0.99*J37 -> 990.10865 | L37: =1.054*K37 -> 1043.5745 | M37: =1.003*L37 -> 1046.7052
A38: Promotion - Other | B38: 594 | C38: =1.03*B38 -> 611.82 | D38: =0.96*C38 -> 587.3472 | E38: =1.02*D38 -> 599.09414 | F38: =1.013*E38 -> 606.88237 | G38: =1.02*F38 -> 619.02002 | H38: =0.96*G38 -> 594.25921 | I38: =1.015*H38 -> 603.1731 | J38: =1.005*I38 -> 606.18897 | K38: =0.99*J38 -> 600.12708 | L38: =1.054*K38 -> 632.53394 | M38: =1.003*L38 -> 634.43154
A39: Etc. | B39: 0 | C39: =1.03*B39 -> 0 | D39: =0.96*C39 -> 0 | E39: =1.02*D39 -> 0 | F39: =1.013*E39 -> 0 | G39: =1.02*F39 -> 0 | H39: =0.96*G39 -> 0 | I39: =1.015*H39 -> 0 | J39: =1.005*I39 -> 0 | K39: =0.99*J39 -> 0 | L39: =1.054*K39 -> 0 | M39: =1.003*L39 -> 0
A40: Total Marketing & Promotional | B40: =B36+B37+B38 -> 2197 | C40: =1.03*B40 -> 2262.91 | D40: =0.96*C40 -> 2172.3936 | E40: =1.02*D40 -> 2215.8415 | F40: =1.013*E40 -> 2244.6474 | G40: =1.02*F40 -> 2289.5404 | H40: =0.96*G40 -> 2197.9587 | I40: =1.015*H40 -> 2230.9281 | J40: =1.005*I40 -> 2242.0828 | K40: =0.99*J40 -> 2219.6619 | L40: =1.054*K40 -> 2339.5237 | M40: =1.003*L40 -> 2346.5423
A41: Operating Expenses | C41: =1.03*B41 -> 0 | D41: =0.96*C41 -> 0 | E41: =1.02*D41 -> 0 | F41: =1.013*E41 -> 0 | G41: =1.02*F41 -> 0 | H41: =0.96*G41 -> 0 | I41: =1.015*H41 -> 0 | J41: =1.005*I41 -> 0 | K41: =0.99*J41 -> 0 | L41: =1.054*K41 -> 0 | M41: =1.003*L41 -> 0
A42: Newspapers & magazines | B42: 869 | C42: =1.03*B42 -> 895.07 | D42: =0.96*C42 -> 859.2672 | E42: =1.02*D42 -> 876.45254 | F42: =1.013*E42 -> 887.84643 | G42: =1.02*F42 -> 905.60336 | H42: =0.96*G42 -> 869.37922 | I42: =1.015*H42 -> 882.41991 | J42: =1.005*I42 -> 886.83201 | K42: =0.99*J42 -> 877.96369 | L42: =1.054*K42 -> 925.37373 | M42: =1.003*L42 -> 928.14985
A43: Parking/Taxis/Tolls | B43: 3251 | C43: =1.03*B43 -> 3348.53 | D43: =0.96*C43 -> 3214.5888 | E43: =1.02*D43 -> 3278.8806 | F43: =1.013*E43 -> 3321.506 | G43: =1.02*F43 -> 3387.9361 | H43: =0.96*G43 -> 3252.4187 | I43: =1.015*H43 -> 3301.205 | J43: =1.005*I43 -> 3317.711 | K43: =0.99*J43 -> 3284.5339 | L43: =1.054*K43 -> 3461.8987 | M43: =1.003*L43 -> 3472.2844
A44: Entertainment/Meals | B44: 689 | C44: =1.03*B44 -> 709.67 | D44: =0.96*C44 -> 681.2832 | E44: =1.02*D44 -> 694.90886 | F44: =1.013*E44 -> 703.94268 | G44: =1.02*F44 -> 718.02153 | H44: =0.96*G44 -> 689.30067 | I44: =1.015*H44 -> 699.64018 | J44: =1.005*I44 -> 703.13838 | K44: =0.99*J44 -> 696.107 | L44: =1.054*K44 -> 733.69678 | M44: =1.003*L44 -> 735.89787
A45: Travel/Accomodation | B45: 4356 | C45: =1.03*B45 -> 4486.68 | D45: =0.96*C45 -> 4307.2128 | E45: =1.02*D45 -> 4393.3571 | F45: =1.013*E45 -> 4450.4707 | G45: =1.02*F45 -> 4539.4801 | H45: =0.96*G45 -> 4357.9009 | I45: =1.015*H45 -> 4423.2694 | J45: =1.005*I45 -> 4445.3858 | K45: =0.99*J45 -> 4400.9319 | L45: =1.054*K45 -> 4638.5822 | M45: =1.003*L45 -> 4652.498
A46: Laundry/dry cleaning | B46: 856 | C46: =1.03*B46 -> 881.68 | D46: =0.96*C46 -> 846.4128 | E46: =1.02*D46 -> 863.34106 | F46: =1.013*E46 -> 874.56449 | G46: =1.02*F46 -> 892.05578 | H46: =0.96*G46 -> 856.37355 | I46: =1.015*H46 -> 869.21915 | J46: =1.005*I46 -> 873.56525 | K46: =0.99*J46 -> 864.82959 | L46: =1.054*K46 -> 911.53039 | M46: =1.003*L46 -> 914.26498
A47: Cleaning & cleaning products | B47: 754 | C47: =1.03*B47 -> 776.62 | D47: =0.96*C47 -> 745.5552 | E47: =1.02*D47 -> 760.4663 | F47: =1.013*E47 -> 770.35237 | G47: =1.02*F47 -> 785.75941 | H47: =0.96*G47 -> 754.32904 | I47: =1.015*H47 -> 765.64397 | J47: =1.005*I47 -> 769.47219 | K47: =0.99*J47 -> 761.77747 | L47: =1.054*K47 -> 802.91345 | M47: =1.003*L47 -> 805.32219
A48: Sundry supplies | B48: 985 | C48: =1.03*B48 -> 1014.55 | D48: =0.96*C48 -> 973.968 | E48: =1.02*D48 -> 993.44736 | F48: =1.013*E48 -> 1006.3622 | G48: =1.02*F48 -> 1026.4894 | H48: =0.96*G48 -> 985.42984 | I48: =1.015*H48 -> 1000.2113 | J48: =1.005*I48 -> 1005.2123 | K48: =0.99*J48 -> 995.16022 | L48: =1.054*K48 -> 1048.8989 | M48: =1.003*L48 -> 1052.0456
A49: Equipment hire | B49: 750 | C49: =1.03*B49 -> 772.5 | D49: =0.96*C49 -> 741.6 | E49: =1.02*D49 -> 756.432 | F49: =1.013*E49 -> 766.26562 | G49: =1.02*F49 -> 781.59093 | H49: =0.96*G49 -> 750.32729 | I49: =1.015*H49 -> 761.5822 | J49: =1.005*I49 -> 765.39011 | K49: =0.99*J49 -> 757.73621 | L49: =1.054*K49 -> 798.65397 | M49: =1.003*L49 -> 801.04993
A50: Etc. | B50: 0 | C50: =1.03*B50 -> 0 | D50: =0.96*C50 -> 0 | E50: =1.02*D50 -> 0 | F50: =1.013*E50 -> 0 | G50: =1.02*F50 -> 0 | H50: =0.96*G50 -> 0 | I50: =1.015*H50 -> 0 | J50: =1.005*I50 -> 0 | K50: =0.99*J50 -> 0 | L50: =1.054*K50 -> 0 | M50: =1.003*L50 -> 0
A51: Total Operating Expenses | B51: =B42+B43+B44+B45+B46+B47+B48+B49 -> 12510 | C51: =1.03*B51 -> 12885.3 | D51: =0.96*C51 -> 12369.888 | E51: =1.02*D51 -> 12617.286 | F51: =1.013*E51 -> 12781.31 | G51: =1.02*F51 -> 13036.937 | H51: =0.96*G51 -> 12515.459 | I51: =1.015*H51 -> 12703.191 | J51: =1.005*I51 -> 12766.707 | K51: =0.99*J51 -> 12639.04 | L51: =1.054*K51 -> 13321.548 | M51: =1.003*L51 -> 13361.513
A52: Motor Vehicle Expenses | C52: =1.03*B52 -> 0 | D52: =0.96*C52 -> 0 | E52: =1.02*D52 -> 0 | F52: =1.013*E52 -> 0 | G52: =1.02*F52 -> 0 | H52: =0.96*G52 -> 0 | I52: =1.015*H52 -> 0 | J52: =1.005*I52 -> 0 | K52: =0.99*J52 -> 0 | L52: =1.054*K52 -> 0 | M52: =1.003*L52 -> 0
A53: Fuel | B53: 2500 | C53: =1.03*B53 -> 2575 | D53: =0.96*C53 -> 2472 | E53: =1.02*D53 -> 2521.44 | F53: =1.013*E53 -> 2554.2187 | G53: =1.02*F53 -> 2605.3031 | H53: =0.96*G53 -> 2501.091 | I53: =1.015*H53 -> 2538.6073 | J53: =1.005*I53 -> 2551.3004 | K53: =0.99*J53 -> 2525.7874 | L53: =1.054*K53 -> 2662.1799 | M53: =1.003*L53 -> 2670.1664
A54: Vehicle service costs | B54: 560 | C54: =1.03*B54 -> 576.8 | D54: =0.96*C54 -> 553.728 | E54: =1.02*D54 -> 564.80256 | F54: =1.013*E54 -> 572.14499 | G54: =1.02*F54 -> 583.58789 | H54: =0.96*G54 -> 560.24438 | I54: =1.015*H54 -> 568.64804 | J54: =1.005*I54 -> 571.49128 | K54: =0.99*J54 -> 565.77637 | L54: =1.054*K54 -> 596.32829 | M54: =1.003*L54 -> 598.11728
A55: Tyres & other replacement costs | B55: 900 | C55: =1.03*B55 -> 927 | D55: =0.96*C55 -> 889.92 | E55: =1.02*D55 -> 907.7184 | F55: =1.013*E55 -> 919.51874 | G55: =1.02*F55 -> 937.90911 | H55: =0.96*G55 -> 900.39275 | I55: =1.015*H55 -> 913.89864 | J55: =1.005*I55 -> 918.46813 | K55: =0.99*J55 -> 909.28345 | L55: =1.054*K55 -> 958.38476 | M55: =1.003*L55 -> 961.25991
A56: Insurance | B56: 450 | C56: =1.03*B56 -> 463.5 | D56: =0.96*C56 -> 444.96 | E56: =1.02*D56 -> 453.8592 | F56: =1.013*E56 -> 459.75937 | G56: =1.02*F56 -> 468.95456 | H56: =0.96*G56 -> 450.19637 | I56: =1.015*H56 -> 456.94932 | J56: =1.005*I56 -> 459.23407 | K56: =0.99*J56 -> 454.64173 | L56: =1.054*K56 -> 479.19238 | M56: =1.003*L56 -> 480.62996
A57: Registrations | B57: 250 | C57: =1.03*B57 -> 257.5 | D57: =0.96*C57 -> 247.2 | E57: =1.02*D57 -> 252.144 | F57: =1.013*E57 -> 255.42187 | G57: =1.02*F57 -> 260.53031 | H57: =0.96*G57 -> 250.1091 | I57: =1.015*H57 -> 253.86073 | J57: =1.005*I57 -> 255.13004 | K57: =0.99*J57 -> 252.57874 | L57: =1.054*K57 -> 266.21799 | M57: =1.003*L57 -> 267.01664
A58: Total Motor Vehicle Expenses | B58: =B53+B54+B55+B56+B57 -> 4660 | C58: =1.03*B58 -> 4799.8 | D58: =0.96*C58 -> 4607.808 | E58: =1.02*D58 -> 4699.9642 | F58: =1.013*E58 -> 4761.0637 | G58: =1.02*F58 -> 4856.285 | H58: =0.96*G58 -> 4662.0336 | I58: =1.015*H58 -> 4731.9641 | J58: =1.005*I58 -> 4755.6239 | K58: =0.99*J58 -> 4708.0677 | L58: =1.054*K58 -> 4962.3033 | M58: =1.003*L58 -> 4977.1902
A59: Website Expenses | C59: =1.03*B59 -> 0 | D59: =0.96*C59 -> 0 | E59: =1.02*D59 -> 0 | F59: =1.013*E59 -> 0 | G59: =1.02*F59 -> 0 | H59: =0.96*G59 -> 0 | I59: =1.015*H59 -> 0 | J59: =1.005*I59 -> 0 | K59: =0.99*J59 -> 0 | L59: =1.054*K59 -> 0 | M59: =1.003*L59 -> 0
A60: Domain name registration | B60: 532 | C60: =1.03*B60 -> 547.96 | D60: =0.96*C60 -> 526.0416 | E60: =1.02*D60 -> 536.56243 | F60: =1.013*E60 -> 543.53774 | G60: =1.02*F60 -> 554.4085 | H60: =0.96*G60 -> 532.23216 | I60: =1.015*H60 -> 540.21564 | J60: =1.005*I60 -> 542.91672 | K60: =0.99*J60 -> 537.48755 | L60: =1.054*K60 -> 566.51188 | M60: =1.003*L60 -> 568.21142
A61: Hosting expenses | B61: 325 | C61: =1.03*B61 -> 334.75 | D61: =0.96*C61 -> 321.36 | E61: =1.02*D61 -> 327.7872 | F61: =1.013*E61 -> 332.04843 | G61: =1.02*F61 -> 338.6894 | H61: =0.96*G61 -> 325.14183 | I61: =1.015*H61 -> 330.01895 | J61: =1.005*I61 -> 331.66905 | K61: =0.99*J61 -> 328.35236 | L61: =1.054*K61 -> 346.08339 | M61: =1.003*L61 -> 347.12164
A62: etc | B62: 0 | C62: =1.03*B62 -> 0 | D62: =0.96*C62 -> 0 | E62: =1.02*D62 -> 0 | F62: =1.013*E62 -> 0 | G62: =1.02*F62 -> 0 | H62: =0.96*G62 -> 0 | I62: =1.015*H62 -> 0 | J62: =1.005*I62 -> 0 | K62: =0.99*J62 -> 0 | L62: =1.054*K62 -> 0 | M62: =1.003*L62 -> 0
A63: Total Website Expenses | B63: =B60+B61 -> 857 | C63: =1.03*B63 -> 882.71 | D63: =0.96*C63 -> 847.4016 | E63: =1.02*D63 -> 864.34963 | F63: =1.013*E63 -> 875.58618 | G63: =1.02*F63 -> 893.0979 | H63: =0.96*G63 -> 857.37398 | I63: =1.015*H63 -> 870.23459 | J63: =1.005*I63 -> 874.58577 | K63: =0.99*J63 -> 865.83991 | L63: =1.054*K63 -> 912.59526 | M63: =1.003*L63 -> 915.33305
A64: Employment Expenses | C64: =1.03*B64 -> 0 | D64: =0.96*C64 -> 0 | E64: =1.02*D64 -> 0 | F64: =1.013*E64 -> 0 | G64: =1.02*F64 -> 0 | H64: =0.96*G64 -> 0 | I64: =1.015*H64 -> 0 | J64: =1.005*I64 -> 0 | K64: =0.99*J64 -> 0 | L64: =1.054*K64 -> 0 | M64: =1.003*L64 -> 0
A65: Permanent | B65: 0 | C65: =1.03*B65 -> 0 | D65: =0.96*C65 -> 0 | E65: =1.02*D65 -> 0 | F65: =1.013*E65 -> 0 | G65: =1.02*F65 -> 0 | H65: =0.96*G65 -> 0 | I65: =1.015*H65 -> 0 | J65: =1.005*I65 -> 0 | K65: =0.99*J65 -> 0 | L65: =1.054*K65 -> 0 | M65: =1.003*L65 -> 0
A66: Salaries/Wages | B66: 13254 | C66: =1.03*B66 -> 13651.62 | D66: =0.96*C66 -> 13105.555 | E66: =1.02*D66 -> 13367.666 | F66: =1.013*E66 -> 13541.446 | G66: =1.02*F66 -> 13812.275 | H66: =0.96*G66 -> 13259.784 | I66: =1.015*H66 -> 13458.681 | J66: =1.005*I66 -> 13525.974 | K66: =0.99*J66 -> 13390.714 | L66: =1.054*K66 -> 14113.813 | M66: =1.003*L66 -> 14156.154
A67: PAYE | B67: 4520 | C67: =1.03*B67 -> 4655.6 | D67: =0.96*C67 -> 4469.376 | E67: =1.02*D67 -> 4558.7635 | F67: =1.013*E67 -> 4618.0274 | G67: =1.02*F67 -> 4710.388 | H67: =0.96*G67 -> 4521.9725 | I67: =1.015*H67 -> 4589.8021 | J67: =1.005*I67 -> 4612.7511 | K67: =0.99*J67 -> 4566.6236 | L67: =1.054*K67 -> 4813.2212 | M67: =1.003*L67 -> 4827.6609
A68: Superannuation | B68: 352 | C68: =1.03*B68 -> 362.56 | D68: =0.96*C68 -> 348.0576 | E68: =1.02*D68 -> 355.01875 | F68: =1.013*E68 -> 359.634 | G68: =1.02*F68 -> 366.82668 | H68: =0.96*G68 -> 352.15361 | I68: =1.015*H68 -> 357.43591 | J68: =1.005*I68 -> 359.22309 | K68: =0.99*J68 -> 355.63086 | L68: =1.054*K68 -> 374.83493 | M68: =1.003*L68 -> 375.95943
A69: Other - Employee Benefits | B69: 0 | C69: =1.03*B69 -> 0 | D69: =0.96*C69 -> 0 | E69: =1.02*D69 -> 0 | F69: =1.013*E69 -> 0 | G69: =1.02*F69 -> 0 | H69: =0.96*G69 -> 0 | I69: =1.015*H69 -> 0 | J69: =1.005*I69 -> 0 | K69: =0.99*J69 -> 0 | L69: =1.054*K69 -> 0 | M69: =1.003*L69 -> 0
A70: Recruitment costs | B70: 354 | C70: =1.03*B70 -> 364.62 | D70: =0.96*C70 -> 350.0352 | E70: =1.02*D70 -> 357.0359 | F70: =1.013*E70 -> 361.67737 | G70: =1.02*F70 -> 368.91092 | H70: =0.96*G70 -> 354.15448 | I70: =1.015*H70 -> 359.4668 | J70: =1.005*I70 -> 361.26413 | K70: =0.99*J70 -> 357.65149 | L70: =1.054*K70 -> 376.96467 | M70: =1.003*L70 -> 378.09557
A71: Total Perm. Employment Expenses | B71: =B66+B67+B68+B70 -> 18480 | C71: =1.03*B71 -> 19034.4 | D71: =0.96*C71 -> 18273.024 | E71: =1.02*D71 -> 18638.484 | F71: =1.013*E71 -> 18880.785 | G71: =1.02*F71 -> 19258.4 | H71: =0.96*G71 -> 18488.064 | I71: =1.015*H71 -> 18765.385 | J71: =1.005*I71 -> 18859.212 | K71: =0.99*J71 -> 18670.62 | L71: =1.054*K71 -> 19678.834 | M71: =1.003*L71 -> 19737.87
A72: Casual | C72: =1.03*B72 -> 0 | D72: =0.96*C72 -> 0 | E72: =1.02*D72 -> 0 | F72: =1.013*E72 -> 0 | G72: =1.02*F72 -> 0 | H72: =0.96*G72 -> 0 | I72: =1.015*H72 -> 0 | J72: =1.005*I72 -> 0 | K72: =0.99*J72 -> 0 | L72: =1.054*K72 -> 0 | M72: =1.003*L72 -> 0
A73: Salaries/Wages | B73: 120 | C73: =1.03*B73 -> 123.6 | D73: =0.96*C73 -> 118.656 | E73: =1.02*D73 -> 121.02912 | F73: =1.013*E73 -> 122.6025 | G73: =1.02*F73 -> 125.05455 | H73: =0.96*G73 -> 120.05237 | I73: =1.015*H73 -> 121.85315 | J73: =1.005*I73 -> 122.46242 | K73: =0.99*J73 -> 121.23779 | L73: =1.054*K73 -> 127.78463 | M73: =1.003*L73 -> 128.16799
A74: PAYE | B74: 0 | C74: =1.03*B74 -> 0 | D74: =0.96*C74 -> 0 | E74: =1.02*D74 -> 0 | F74: =1.013*E74 -> 0 | G74: =1.02*F74 -> 0 | H74: =0.96*G74 -> 0 | I74: =1.015*H74 -> 0 | J74: =1.005*I74 -> 0 | K74: =0.99*J74 -> 0 | L74: =1.054*K74 -> 0 | M74: =1.003*L74 -> 0
A75: Superannuation | B75: 52 | C75: =1.03*B75 -> 53.56 | D75: =0.96*C75 -> 51.4176 | E75: =1.02*D75 -> 52.445952 | F75: =1.013*E75 -> 53.127749 | G75: =1.02*F75 -> 54.190304 | H75: =0.96*G75 -> 52.022692 | I75: =1.015*H75 -> 52.803033 | J75: =1.005*I75 -> 53.067048 | K75: =0.99*J75 -> 52.536377 | L75: =1.054*K75 -> 55.373342 | M75: =1.003*L75 -> 55.539462
A76: Other - Employee Benefits | B76: 0 | C76: =1.03*B76 -> 0 | D76: =0.96*C76 -> 0 | E76: =1.02*D76 -> 0 | F76: =1.013*E76 -> 0 | G76: =1.02*F76 -> 0 | H76: =0.96*G76 -> 0 | I76: =1.015*H76 -> 0 | J76: =1.005*I76 -> 0 | K76: =0.99*J76 -> 0 | L76: =1.054*K76 -> 0 | M76: =1.003*L76 -> 0
A77: Recruitment costs | B77: 0 | C77: =1.03*B77 -> 0 | D77: =0.96*C77 -> 0 | E77: =1.02*D77 -> 0 | F77: =1.013*E77 -> 0 | G77: =1.02*F77 -> 0 | H77: =0.96*G77 -> 0 | I77: =1.015*H77 -> 0 | J77: =1.005*I77 -> 0 | K77: =0.99*J77 -> 0 | L77: =1.054*K77 -> 0 | M77: =1.003*L77 -> 0
A78: Total Casual Employment Expenses | B78: =B73+B75 -> 172 | C78: =1.03*B78 -> 177.16 | D78: =0.96*C78 -> 170.0736 | E78: =1.02*D78 -> 173.47507 | F78: =1.013*E78 -> 175.73025 | G78: =1.02*F78 -> 179.24485 | H78: =0.96*G78 -> 172.07506 | I78: =1.015*H78 -> 174.65618 | J78: =1.005*I78 -> 175.52947 | K78: =0.99*J78 -> 173.77417 | L78: =1.054*K78 -> 183.15798 | M78: =1.003*L78 -> 183.70745
A79: Workcover Insurance | B79: 0 | C79: =1.03*B79 -> 0 | D79: =0.96*C79 -> 0 | E79: =1.02*D79 -> 0 | F79: =1.013*E79 -> 0 | G79: =1.02*F79 -> 0 | H79: =0.96*G79 -> 0 | I79: =1.015*H79 -> 0 | J79: =1.005*I79 -> 0 | K79: =0.99*J79 -> 0 | L79: =1.054*K79 -> 0 | M79: =1.003*L79 -> 0
A80: Total Employment Expenses | B80: =B71+B78 -> 18652 | C80: =1.03*B80 -> 19211.56 | D80: =0.96*C80 -> 18443.098 | E80: =1.02*D80 -> 18811.96 | F80: =1.013*E80 -> 19056.515 | G80: =1.02*F80 -> 19437.645 | H80: =0.96*G80 -> 18660.14 | I80: =1.015*H80 -> 18940.042 | J80: =1.005*I80 -> 19034.742 | K80: =0.99*J80 -> 18844.394 | L80: =1.054*K80 -> 19861.992 | M80: =1.003*L80 -> 19921.578
A81: Occupancy Costs | C81: =1.03*B81 -> 0 | D81: =0.96*C81 -> 0 | E81: =1.02*D81 -> 0 | F81: =1.013*E81 -> 0 | G81: =1.02*F81 -> 0 | H81: =0.96*G81 -> 0 | I81: =1.015*H81 -> 0 | J81: =1.005*I81 -> 0 | K81: =0.99*J81 -> 0 | L81: =1.054*K81 -> 0 | M81: =1.003*L81 -> 0
A82: Electricity/Gas | B82: 1254 | C82: =1.03*B82 -> 1291.62 | D82: =0.96*C82 -> 1239.9552 | E82: =1.02*D82 -> 1264.7543 | F82: =1.013*E82 -> 1281.1961 | G82: =1.02*F82 -> 1306.82 | H82: =0.96*G82 -> 1254.5472 | I82: =1.015*H82 -> 1273.3654 | J82: =1.005*I82 -> 1279.7323 | K82: =0.99*J82 -> 1266.9349 | L82: =1.054*K82 -> 1335.3494 | M82: =1.003*L82 -> 1339.3555
A83: Telephones | B83: 95 | C83: =1.03*B83 -> 97.85 | D83: =0.96*C83 -> 93.936 | E83: =1.02*D83 -> 95.81472 | F83: =1.013*E83 -> 97.060311 | G83: =1.02*F83 -> 99.001518 | H83: =0.96*G83 -> 95.041457 | I83: =1.015*H83 -> 96.467079 | J83: =1.005*I83 -> 96.949414 | K83: =0.99*J83 -> 95.97992 | L83: =1.054*K83 -> 101.16284 | M83: =1.003*L83 -> 101.46632
A84: Property Insurance | B84: 2563 | C84: =1.03*B84 -> 2639.89 | D84: =0.96*C84 -> 2534.2944 | E84: =1.02*D84 -> 2584.9803 | F84: =1.013*E84 -> 2618.585 | G84: =1.02*F84 -> 2670.9567 | H84: =0.96*G84 -> 2564.1185 | I84: =1.015*H84 -> 2602.5802 | J84: =1.005*I84 -> 2615.5931 | K84: =0.99*J84 -> 2589.4372 | L84: =1.054*K84 -> 2729.2668 | M84: =1.003*L84 -> 2737.4546
A85: Rates | B85: 589 | C85: =1.03*B85 -> 606.67 | D85: =0.96*C85 -> 582.4032 | E85: =1.02*D85 -> 594.05126 | F85: =1.013*E85 -> 601.77393 | G85: =1.02*F85 -> 613.80941 | H85: =0.96*G85 -> 589.25703 | I85: =1.015*H85 -> 598.09589 | J85: =1.005*I85 -> 601.08637 | K85: =0.99*J85 -> 595.0755 | L85: =1.054*K85 -> 627.20958 | M85: =1.003*L85 -> 629.09121
A86: Rent | B86: 785 | C86: =1.03*B86 -> 808.55 | D86: =0.96*C86 -> 776.208 | E86: =1.02*D86 -> 791.73216 | F86: =1.013*E86 -> 802.02468 | G86: =1.02*F86 -> 818.06517 | H86: =0.96*G86 -> 785.34256 | I86: =1.015*H86 -> 797.1227 | J86: =1.005*I86 -> 801.10832 | K86: =0.99*J86 -> 793.09723 | L86: =1.054*K86 -> 835.92448 | M86: =1.003*L86 -> 838.43226
A87: Repair & maintenance | B87: 695 | C87: =1.03*B87 -> 715.85 | D87: =0.96*C87 -> 687.216 | E87: =1.02*D87 -> 700.96032 | F87: =1.013*E87 -> 710.0728 | G87: =1.02*F87 -> 724.27426 | H87: =0.96*G87 -> 695.30329 | I87: =1.015*H87 -> 705.73284 | J87: =1.005*I87 -> 709.2615 | K87: =0.99*J87 -> 702.16889 | L87: =1.054*K87 -> 740.08601 | M87: =1.003*L87 -> 742.30627
A88: Waste removal | B88: 236 | C88: =1.03*B88 -> 243.08 | D88: =0.96*C88 -> 233.3568 | E88: =1.02*D88 -> 238.02394 | F88: =1.013*E88 -> 241.11825 | G88: =1.02*F88 -> 245.94061 | H88: =0.96*G88 -> 236.10299 | I88: =1.015*H88 -> 239.64453 | J88: =1.005*I88 -> 240.84276 | K88: =0.99*J88 -> 238.43433 | L88: =1.054*K88 -> 251.30978 | M88: =1.003*L88 -> 252.06371
A89: Water | B89: 541 | C89: =1.03*B89 -> 557.23 | D89: =0.96*C89 -> 534.9408 | E89: =1.02*D89 -> 545.63962 | F89: =1.013*E89 -> 552.73293 | G89: =1.02*F89 -> 563.78759 | H89: =0.96*G89 -> 541.23609 | I89: =1.015*H89 -> 549.35463 | J89: =1.005*I89 -> 552.1014 | K89: =0.99*J89 -> 546.58039 | L89: =1.054*K89 -> 576.09573 | M89: =1.003*L89 -> 577.82401
A90: Etc. | B90: 0 | C90: =1.03*B90 -> 0 | D90: =0.96*C90 -> 0 | E90: =1.02*D90 -> 0 | F90: =1.013*E90 -> 0 | G90: =1.02*F90 -> 0 | H90: =0.96*G90 -> 0 | I90: =1.015*H90 -> 0 | J90: =1.005*I90 -> 0 | K90: =0.99*J90 -> 0 | L90: =1.054*K90 -> 0 | M90: =1.003*L90 -> 0
A91: Total Occupancy Costs | B91: =B82+B83+B84+B85+B86+B87+B88+B89 -> 6758 | C91: =1.03*B91 -> 6960.74 | D91: =0.96*C91 -> 6682.3104 | E91: =1.02*D91 -> 6815.9566 | F91: =1.013*E91 -> 6904.564 | G91: =1.02*F91 -> 7042.6553 | H91: =0.96*G91 -> 6760.9491 | I91: =1.015*H91 -> 6862.3633 | J91: =1.005*I91 -> 6896.6752 | K91: =0.99*J91 -> 6827.7084 | L91: =1.054*K91 -> 7196.4047 | M91: =1.003*L91 -> 7217.9939
A92: Other Expenses | C92: =1.03*B92 -> 0 | D92: =0.96*C92 -> 0 | E92: =1.02*D92 -> 0 | F92: =1.013*E92 -> 0 | G92: =1.02*F92 -> 0 | H92: =0.96*G92 -> 0 | I92: =1.015*H92 -> 0 | J92: =1.005*I92 -> 0 | K92: =0.99*J92 -> 0 | L92: =1.054*K92 -> 0 | M92: =1.003*L92 -> 0
A93: Office Changeover fees | B93: 358 | C93: =1.03*B93 -> 368.74 | D93: =0.96*C93 -> 353.9904 | E93: =1.02*D93 -> 361.07021 | F93: =1.013*E93 -> 365.76412 | G93: =1.02*F93 -> 373.0794 | H93: =0.96*G93 -> 358.15623 | I93: =1.015*H93 -> 363.52857 | J93: =1.005*I93 -> 365.34621 | K93: =0.99*J93 -> 361.69275 | L93: =1.054*K93 -> 381.22416 | M93: =1.003*L93 -> 382.36783
A94: Depreciation costs | B94: 2680 | C94: =1.03*B94 -> 2760.4 | D94: =0.96*C94 -> 2649.984 | E94: =1.02*D94 -> 2702.9837 | F94: =1.013*E94 -> 2738.1225 | G94: =1.02*F94 -> 2792.8849 | H94: =0.96*G94 -> 2681.1695 | I94: =1.015*H94 -> 2721.3871 | J94: =1.005*I94 -> 2734.994 | K94: =0.99*J94 -> 2707.6441 | L94: =1.054*K94 -> 2853.8568 | M94: =1.003*L94 -> 2862.4184
A95: Total Other Expenses | B95: =B93+B94 -> 3038 | C95: =1.03*B95 -> 3129.14 | D95: =0.96*C95 -> 3003.9744 | E95: =1.02*D95 -> 3064.0539 | F95: =1.013*E95 -> 3103.8866 | G95: =1.02*F95 -> 3165.9643 | H95: =0.96*G95 -> 3039.3257 | I95: =1.015*H95 -> 3084.9156 | J95: =1.005*I95 -> 3100.3402 | K95: =0.99*J95 -> 3069.3368 | L95: =1.054*K95 -> 3235.081 | M95: =1.003*L95 -> 3244.7862
A96: Total Expenses | B96: =B34+B40+B51+B58+B63+B80+B91+B95 -> 51872 | C96: =1.03*B96 -> 53428.16 | D96: =0.96*C96 -> 51291.034 | E96: =1.02*D96 -> 52316.854 | F96: =1.013*E96 -> 52996.973 | G96: =1.02*F96 -> 54056.913 | H96: =0.96*G96 -> 51894.636 | I96: =1.015*H96 -> 52673.056 | J96: =1.005*I96 -> 52936.421 | K96: =0.99*J96 -> 52407.057 | L96: =1.054*K96 -> 55237.038 | M96: =1.003*L96 -> 55402.749
A97: Month Net Profit / (Loss) | B97: =B24-B96 -> 164897 | C97: =C24-C96 -> 169843.91 | D97: =D24-D96 -> 163050.15 | E97: =E24-E96 -> 166311.16 | F97: =F24-F96 -> 168473.2 | G97: =G24-G96 -> 171842.67 | H97: =H24-H96 -> 164968.96 | I97: =I24-I96 -> 167443.49 | ... M97: =M24-M96 -> 176120.97
A98: Total Year to Date Net Profit / (Loss) | B98: =SUM(B97:M97) -> 2023424.3 | C98: 0 | D98: 0 | E98: 0 | F98: 0 | G98: 0 | H98: 0 | I98: 0 | J98: 0 | K98: 0 | L98: 0 | M98: 0

Sheet Year 2 P&L
A1: Profit and Loss Statement
A3: Amounts in '000'
A5: Quarter | B5: One | C5: Two | D5: Three | E5: Four | F5: Annual total
A6: Income
A7: Sales
A8: Sale of goods/services | B8: =1.02*'12month P&L,Yr 1'!B8+'12month P&L,Yr 1'!C8+'12month P&L,Yr 1'!D8+'12month P&L,Yr 1'!E8 -> 1256831.7 | C8: =1.002*B8 -> 1259345.3 | D8: =1.058*C8 -> 1332387.4 | E8: =1.001*D8 -> 1333719.7 | F8: =B8+C8+D8+E8 -> 5182284.1
A9: Sundry Income (e.g. Commission earned, frachise fees etc.) | B9: =1.02*'12month P&L,Yr 1'!B9+'12month P&L,Yr 1'!C9+'12month P&L,Yr 1'!D9+'12month P&L,Yr 1'!E9 -> 17504.901 | C9: =1.002*B9 -> 17539.911 | D9: =1.058*C9 -> 18557.226 | E9: =1.001*D9 -> 18575.783 | F9: =B9+C9+D9+E9 -> 72177.821
A10: Etc. | B10: =1.02*'12month P&L,Yr 1'!B10+'12month P&L,Yr 1'!C10+'12month P&L,Yr 1'!D10+'12month P&L,Yr 1'!E10 -> 0 | C10: =1.002*B10 -> 0 | D10: =1.058*C10 -> 0 | E10: =1.001*D10 -> 0 | F10: =B10+C10+D10+E10 -> 0
A11: Total Sales | B11: =1.02*'12month P&L,Yr 1'!B11+'12month P&L,Yr 1'!C11+'12month P&L,Yr 1'!D11+'12month P&L,Yr 1'!E11 -> 1274336.6 | C11: =1.002*B11 -> 1276885.2 | D11: =1.058*C11 -> 1350944.6 | E11: =1.001*D11 -> 1352295.5 | F11: =B11+C11+D11+E11 -> 5254461.9
A12: Less Discounts/Commissions | B12: =1.02*'12month P&L,Yr 1'!B12+'12month P&L,Yr 1'!C12+'12month P&L,Yr 1'!D12+'12month P&L,Yr 1'!E12 -> 0 | C12: =1.002*B12 -> 0 | D12: =1.058*C12 -> 0 | E12: =1.001*D12 -> 0 | F12: =B12+C12+D12+E12 -> 0
A13: Sales Discounts given | B13: =1.02*'12month P&L,Yr 1'!B13+'12month P&L,Yr 1'!C13+'12month P&L,Yr 1'!D13+'12month P&L,Yr 1'!E13 -> 78057.694 | C13: =1.002*B13 -> 78213.809 | D13: =1.058*C13 -> 82750.21 | E13: =1.001*D13 -> 82832.96 | F13: =B13+C13+D13+E13 -> 321854.67
A14: Sales Commissions paid | B14: =1.02*'12month P&L,Yr 1'!B14+'12month P&L,Yr 1'!C14+'12month P&L,Yr 1'!D14+'12month P&L,Yr 1'!E14 -> 42902.186 | C14: =1.002*B14 -> 42987.99 | D14: =1.058*C14 -> 45481.293 | E14: =1.001*D14 -> 45526.775 | F14: =B14+C14+D14+E14 -> 176898.24
A15: Total Discounts/ Commissions | B15: =1.02*'12month P&L,Yr 1'!B15+'12month P&L,Yr 1'!C15+'12month P&L,Yr 1'!D15+'12month P&L,Yr 1'!E15 -> 120959.88 | C15: =1.002*B15 -> 121201.8 | D15: =1.058*C15 -> 128231.5 | E15: =1.001*D15 -> 128359.73 | F15: =B15+C15+D15+E15 -> 498752.92
A16: Total Net Income | B16: =1.02*'12month P&L,Yr 1'!B16+'12month P&L,Yr 1'!C16+'12month P&L,Yr 1'!D16+'12month P&L,Yr 1'!E16 -> 1153376.7 | C16: =1.002*B16 -> 1155683.4 | D16: =1.058*C16 -> 1222713.1 | E16: =1.001*D16 -> 1223935.8 | F16: =B16+C16+D16+E16 -> 4755709
A17: Cost of Sales | B17: =1.02*'12month P&L,Yr 1'!B17+'12month P&L,Yr 1'!C17+'12month P&L,Yr 1'!D17+'12month P&L,Yr 1'!E17 -> 0 | C17: =1.002*B17 -> 0 | D17: =1.058*C17 -> 0 | E17: =1.001*D17 -> 0 | F17: =B17+C17+D17+E17 -> 0
A18: Opening Stock | B18: =1.02*'12month P&L,Yr 1'!B18+'12month P&L,Yr 1'!C18+'12month P&L,Yr 1'!D18+'12month P&L,Yr 1'!E18 -> 228272.01 | C18: =1.002*B18 -> 228728.55 | D18: =1.058*C18 -> 241994.81 | E18: =1.001*D18 -> 242236.8 | F18: =B18+C18+D18+E18 -> 941232.16
A19: Stock Purchased | B19: =1.02*'12month P&L,Yr 1'!B19+'12month P&L,Yr 1'!C19+'12month P&L,Yr 1'!D19+'12month P&L,Yr 1'!E19 -> 244866.25 | C19: =1.002*B19 -> 245355.98 | D19: =1.058*C19 -> 259586.63 | E19: =1.001*D19 -> 259846.21 | F19: =B19+C19+D19+E19 -> 1009655.1
B20: =1.02*'12month P&L,Yr 1'!B20+'12month P&L,Yr 1'!C20+'12month P&L,Yr 1'!D20+'12month P&L,Yr 1'!E20 -> 473138.25 | C20: =1.002*B20 -> 474084.53 | D20: =1.058*C20 -> 501581.43 | E20: =1.001*D20 -> 502083.02 | F20: =B20+C20+D20+E20 -> 1950887.2
A21: Less Closing Stock | B21: =1.02*'12month P&L,Yr 1'!B21+'12month P&L,Yr 1'!C21+'12month P&L,Yr 1'!D21+'12month P&L,Yr 1'!E21 -> 197107.21 | C21: =1.002*B21 -> 197501.43 | D21: =1.058*C21 -> 208956.51 | E21: =1.001*D21 -> 209165.46 | F21: =B21+C21+D21+E21 -> 812730.61
A22: Total Cost of Sales | B22: =1.02*'12month P&L,Yr 1'!B22+'12month P&L,Yr 1'!C22+'12month P&L,Yr 1'!D22+'12month P&L,Yr 1'!E22 -> 276031.04 | C22: =1.002*B22 -> 276583.11 | D22: =1.058*C22 -> 292624.93 | E22: =1.001*D22 -> 292917.55 | F22: =B22+C22+D22+E22 -> 1138156.6
B23: =1.02*'12month P&L,Yr 1'!B23+'12month P&L,Yr 1'!C23+'12month P&L,Yr 1'!D23+'12month P&L,Yr 1'!E23 -> 0 | C23: =1.002*B23 -> 0 | D23: =1.058*C23 -> 0 | E23: =1.001*D23 -> 0 | F23: =B23+C23+D23+E23 -> 0
A24: Gross Profit | B24: =1.02*'12month P&L,Yr 1'!B24+'12month P&L,Yr 1'!C24+'12month P&L,Yr 1'!D24+'12month P&L,Yr 1'!E24 -> 877345.65 | C24: =1.002*B24 -> 879100.34 | D24: =1.058*C24 -> 930088.16 | E24: =1.001*D24 -> 931018.25 | F24: =B24+C24+D24+E24 -> 3617552.4
A25: Expenses | B25: =1.02*'12month P&L,Yr 1'!B25+'12month P&L,Yr 1'!C25+'12month P&L,Yr 1'!D25+'12month P&L,Yr 1'!E25 -> 0 | C25: =1.002*B25 -> 0 | D25: =1.058*C25 -> 0 | E25: =1.001*D25 -> 0 | F25: =B25+C25+D25+E25 -> 0
A26: General & Administrative | B26: =1.02*'12month P&L,Yr 1'!B26+'12month P&L,Yr 1'!C26+'12month P&L,Yr 1'!D26+'12month P&L,Yr 1'!E26 -> 0 | C26: =1.002*B26 -> 0 | D26: =1.058*C26 -> 0 | E26: =1.001*D26 -> 0 | F26: =B26+C26+D26+E26 -> 0
A27: Bank charges | B27: =1.02*'12month P&L,Yr 1'!B27+'12month P&L,Yr 1'!C27+'12month P&L,Yr 1'!D27+'12month P&L,Yr 1'!E27 -> 2663.1734 | C27: =1.002*B27 -> 2668.4998 | D27: =1.058*C27 -> 2823.2727 | E27: =1.001*D27 -> 2826.096 | F27: =B27+C27+D27+E27 -> 10981.042
A28: Credit card commission | B28: =1.02*'12month P&L,Yr 1'!B28+'12month P&L,Yr 1'!C28+'12month P&L,Yr 1'!D28+'12month P&L,Yr 1'!E28 -> 1744.4191 | C28: =1.002*B28 -> 1747.9079 | D28: =1.058*C28 -> 1849.2866 | E28: =1.001*D28 -> 1851.1358 | F28: =B28+C28+D28+E28 -> 7192.7493
A29: Consultant fees | B29: =1.02*'12month P&L,Yr 1'!B29+'12month P&L,Yr 1'!C29+'12month P&L,Yr 1'!D29+'12month P&L,Yr 1'!E29 -> 1618.9504 | C29: =1.002*B29 -> 1622.1883 | D29: =1.058*C29 -> 1716.2752 | E29: =1.001*D29 -> 1717.9915 | F29: =B29+C29+D29+E29 -> 6675.4054
A30: Office Supplies | B30: =1.02*'12month P&L,Yr 1'!B30+'12month P&L,Yr 1'!C30+'12month P&L,Yr 1'!D30+'12month P&L,Yr 1'!E30 -> 3602.1646 | C30: =1.002*B30 -> 3609.369 | D30: =1.058*C30 -> 3818.7124 | E30: =1.001*D30 -> 3822.5311 | F30: =B30+C30+D30+E30 -> 14852.777
A31: License fees | B31: =1.02*'12month P&L,Yr 1'!B31+'12month P&L,Yr 1'!C31+'12month P&L,Yr 1'!D31+'12month P&L,Yr 1'!E31 -> 951.13336 | C31: =1.002*B31 -> 953.03563 | D31: =1.058*C31 -> 1008.3117 | E31: =1.001*D31 -> 1009.32 | F31: =B31+C31+D31+E31 -> 3921.8007
A32: Business insurance | B32: =1.02*'12month P&L,Yr 1'!B32+'12month P&L,Yr 1'!C32+'12month P&L,Yr 1'!D32+'12month P&L,Yr 1'!E32 -> 2302.9569 | C32: =1.002*B32 -> 2307.5629 | D32: =1.058*C32 -> 2441.4015 | E32: =1.001*D32 -> 2443.8429 | F32: =B32+C32+D32+E32 -> 9495.7642
A33: Etc. | B33: =1.02*'12month P&L,Yr 1'!B33+'12month P&L,Yr 1'!C33+'12month P&L,Yr 1'!D33+'12month P&L,Yr 1'!E33 -> 0 | C33: =1.002*B33 -> 0 | D33: =1.058*C33 -> 0 | E33: =1.001*D33 -> 0 | F33: =B33+C33+D33+E33 -> 0
A34: Total General & Administrative | B34: =1.02*'12month P&L,Yr 1'!B34+'12month P&L,Yr 1'!C34+'12month P&L,Yr 1'!D34+'12month P&L,Yr 1'!E34 -> 12951.603 | C34: =1.002*B34 -> 12977.506 | D34: =1.058*C34 -> 13730.202 | E34: =1.001*D34 -> 13743.932 | F34: =B34+C34+D34+E34 -> 53403.243
A35: Marketing & Promotional | B35: =1.02*'12month P&L,Yr 1'!B35+'12month P&L,Yr 1'!C35+'12month P&L,Yr 1'!D35+'12month P&L,Yr 1'!E35 -> 0 | C35: =1.002*B35 -> 0 | D35: =1.058*C35 -> 0 | E35: =1.001*D35 -> 0 | F35: =B35+C35+D35+E35 -> 0
... A89: Water | B89: =1.02*'12month P&L,Yr 1'!B89+'12month P&L,Yr 1'!C89+'12month P&L,Yr 1'!D89+'12month P&L,Yr 1'!E89 -> 2189.6304 | C89: =1.002*B89 -> 2194.0097 | D89: =1.058*C89 -> 2321.2622 | E89: =1.001*D89 -> 2323.5835 | F89: =B89+C89+D89+E89 -> 9028.4858
A90: Total Occupancy Costs | B90: =1.02*'12month P&L,Yr 1'!B91+'12month P&L,Yr 1'!C91+'12month P&L,Yr 1'!D91+'12month P&L,Yr 1'!E91 -> 27352.167 | C90: =1.002*B90 -> 27406.871 | D90: =1.058*C90 -> 28996.47 | E90: =1.001*D90 -> 29025.466 | F90: =B90+C90+D90+E90 -> 112780.97
A91: Other Expenses | B91: =1.02*'12month P&L,Yr 1'!B92+'12month P&L,Yr 1'!C92+'12month P&L,Yr 1'!D92+'12month P&L,Yr 1'!E92 -> 0 | C91: =1.002*B91 -> 0 | D91: =1.058*C91 -> 0 | E91: =1.001*D91 -> 0 | F91: =B91+C91+D91+E91 -> 0
A92: Office changeover fees | B92: =1.02*'12month P&L,Yr 1'!B93+'12month P&L,Yr 1'!C93+'12month P&L,Yr 1'!D93+'12month P&L,Yr 1'!E93 -> 1448.9606 | C92: =1.002*B92 -> 1451.8585 | D92: =1.058*C92 -> 1536.0663 | E92: =1.001*D92 -> 1537.6024 | F92: =B92+C92+D92+E92 -> 5974.4879
A93: Depreciation costs | B93: =1.02*'12month P&L,Yr 1'!B94+'12month P&L,Yr 1'!C94+'12month P&L,Yr 1'!D94+'12month P&L,Yr 1'!E94 -> 10846.968 | C93: =1.002*B93 -> 10868.662 | D93: =1.058*C93 -> 11499.044 | E93: =1.001*D93 -> 11510.543 | F93: =B93+C93+D93+E93 -> 44725.216
A94: Total other expenses | B94: =B92+B93 -> 12295.928 | C94: =C92+C93 -> 12320.52 | D94: =D92+D93 -> 13035.11 | E94: =E92+E93 -> 13048.145 | F94: =F92+F93 -> 50699.704
A95: Total Expenses | B95: =B34+B40+B51+B58+B63+B80+B90+B94 -> 209945.49 | C95: =C34+C40+C51+C58+C63+C80+C90+C94 -> 210365.38 | D95: =D34+D40+D51+D58+D63+D80+D90+D94 -> 222566.57 | E95: =E34+E40+E51+E58+E63+E80+E90+E94 -> 222789.14 | F95: =F34+F40+F51+F58+F63+F80+F90+F94 -> 865666.57
A96: Quartely Net Profit / (Loss) | B96: =B24-B95 -> 667400.16 | C96: =C24-C95 -> 668734.96 | D96: =D24-D95 -> 707521.59 | E96: =E24-E95 -> 708229.11
A97: Total Year to Date Net Profit / (Loss) | B97: =SUM(B96:E96) -> 2751885.8 | C97: 0 | D97: 0 | E97: 0 | F97: 0

Sheet Year 3 P&L
A1: Profit and Loss Statement
A2: Instructions
A3: Give careful thought to the headings.
A4: Expand the sales income and expenses area if your business has distinct categories (e.g. a restaurant may have food sales and beverage sales listed separately and cost of sales for each also separated).
A5: Quarter | B5: One | C5: Two | D5: Three | E5: Four | F5: Annual total
A6: Income
A7: Sales
A8: Sale of goods/services | B8: =0.98*'Year 2 P&L'!E8 -> 1307045.4 | C8: =B8*1.002 -> 1309659.4 | D8: =1.029*C8 -> 1347639.6 | E8: =1.058*D8 -> 1425802.7 | F8: =B8+C8+D8+E8 -> 5390147
A9: Sundry Income (e.g. Commission earned, frachise fees etc.) | B9: =0.98*'Year 2 P&L'!E9 -> 18204.267 | C9: =B9*1.002 -> 18240.676 | D9: =1.029*C9 -> 18769.656 | E9: =1.058*D9 -> 19858.296 | F9: =B9+C9+D9+E9 -> 75072.894
A10: Etc. | B10: =0.98*'Year 2 P&L'!E10 -> 0 | C10: =B10*1.002 -> 0 | D10: =1.029*C10 -> 0 | E10: =1.058*D10 -> 0 | F10: =B10+C10+D10+E10 -> 0
A11: Total Sales | B11: =0.98*'Year 2 P&L'!E11 -> 1325249.6 | C11: =B11*1.002 -> 1327900.1 | D11: =1.029*C11 -> 1366409.2 | E11: =1.058*D11 -> 1445661 | F11: =B11+C11+D11+E11 -> 5465219.9
A12: Less Discounts/Commissions | B12: =0.98*'Year 2 P&L'!E12 -> 0 | C12: =B12*1.002 -> 0 | D12: =1.029*C12 -> 0 | E12: =1.058*D12 -> 0 | F12: =B12+C12+D12+E12 -> 0
A13: Sales Discounts given | B13: =0.98*'Year 2 P&L'!E13 -> 81176.301 | C13: =B13*1.002 -> 81338.653 | D13: =1.029*C13 -> 83697.474 | E13: =1.058*D13 -> 88551.928 | F13: =B13+C13+D13+E13 -> 334764.36
A14: Sales Commissions paid | B14: =0.98*'Year 2 P&L'!E14 -> 44616.239 | C14: =B14*1.002 -> 44705.472 | D14: =1.029*C14 -> 46001.93 | E14: =1.058*D14 -> 48670.042 | F14: =B14+C14+D14+E14 -> 183993.68
A15: Total Discounts/ Commissions | B15: =0.98*'Year 2 P&L'!E15 -> 125792.54 | C15: =B15*1.002 -> 126044.13 | D15: =1.029*C15 -> 129699.4 | E15: =1.058*D15 -> 137221.97 | F15: =B15+C15+D15+E15 -> 518758.04
A16: Total Net Income | B16: =0.98*'Year 2 P&L'!E16 -> 1199457.1 | C16: =B16*1.002 -> 1201856 | D16: =1.029*C16 -> 1236709.8 | E16: =1.058*D16 -> 1308439 | F16: =B16+C16+D16+E16 -> 4946461.9
A17: Cost of Sales | B17: =0.98*'Year 2 P&L'!E17 -> 0 | C17: =B17*1.002 -> 0 | D17: =1.029*C17 -> 0 | E17: =1.058*D17 -> 0 | F17: =B17+C17+D17+E17 -> 0
A18: Opening Stock | B18: =0.98*'Year 2 P&L'!E18 -> 237392.07 | C18: =B18*1.002 -> 237866.85 | D18: =1.029*C18 -> 244764.99 | E18: =1.058*D18 -> 258961.36 | F18: =B18+C18+D18+E18 -> 978985.26
A19: Stock Purchased | B19: =0.98*'Year 2 P&L'!E19 -> 254649.29 | C19: =B19*1.002 -> 255158.59 | D19: =1.029*C19 -> 262558.19 | E19: =1.058*D19 -> 277786.56 | F19: =B19+C19+D19+E19 -> 1050152.6
B20: =0.98*'Year 2 P&L'!E20 -> 492041.35 | C20: =B20*1.002 -> 493025.44 | D20: =1.029*C20 -> 507323.18 | E20: =1.058*D20 -> 536747.92 | F20: =B20+C20+D20+E20 -> 2029137.9
A21: Less Closing Stock | B21: =0.98*'Year 2 P&L'!E21 -> 204982.16 | C21: =B21*1.002 -> 205392.12 | D21: =1.029*C21 -> 211348.49 | E21: =1.058*D21 -> 223606.7 | F21: =B21+C21+D21+E21 -> 845329.47
A22: Total Cost of Sales | B22: =0.98*'Year 2 P&L'!E22 -> 287059.2 | C22: =B22*1.002 -> 287633.32 | D22: =1.029*C22 -> 295974.68 | E22: =1.058*D22 -> 313141.22 | F22: =B22+C22+D22+E22 -> 1183808.4
B23: =0.98*'Year 2 P&L'!E23 -> 0 | C23: =B23*1.002 -> 0 | D23: =1.029*C23 -> 0 | E23: =1.058*D23 -> 0 | F23: =B23+C23+D23+E23 -> 0
A24: Gross Profit | B24: =0.98*'Year 2 P&L'!E24 -> 912397.88 | C24: =B24*1.002 -> 914222.68 | D24: =1.029*C24 -> 940735.14 | E24: =1.058*D24 -> 995297.77 | F24: =B24+C24+D24+E24 -> 3762653.5
A25: Expenses | B25: =0.98*'Year 2 P&L'!E25 -> 0 | C25: =B25*1.002 -> 0 | D25: =1.029*C25 -> 0 | E25: =1.058*D25 -> 0 | F25: =B25+C25+D25+E25 -> 0
A26: General & Administrative | B26: =0.98*'Year 2 P&L'!E26 -> 0 | C26: =B26*1.002 -> 0 | D26: =1.029*C26 -> 0 | E26: =1.058*D26 -> 0 | F26: =B26+C26+D26+E26 -> 0
A27: Bank charges | B27: =0.98*'Year 2 P&L'!E27 -> 2769.5741 | C27: =B27*1.002 -> 2775.1132 | D27: =1.029*C27 -> 2855.5915 | E27: =1.058*D27 -> 3021.2158 | F27: =B27+C27+D27+E27 -> 11421.495
A28: Credit card commission | B28: =0.98*'Year 2 P&L'!E28 -> 1814.1131 | C28: =B28*1.002 -> 1817.7413 | D28: =1.029*C28 -> 1870.4558 | E28: =1.058*D28 -> 1978.9423 | F28: =B28+C28+D28+E28 -> 7481.2526
A29: Consultant fees | B29: =0.98*'Year 2 P&L'!E29 -> 1683.6317 | C29: =B29*1.002 -> 1686.9989 | D29: =1.029*C29 -> 1735.9219 | E29: =1.058*D29 -> 1836.6054 | F29: =B29+C29+D29+E29 -> 6943.1579
A30: Office Supplies | B30: =0.98*'Year 2 P&L'!E30 -> 3746.0805 | C30: =B30*1.002 -> 3753.5726 | D30: =1.029*C30 -> 3862.4262 | E30: =1.058*D30 -> 4086.4469 | F30: =B30+C30+D30+E30 -> 15448.526
A31: License fees | B31: =0.98*'Year 2 P&L'!E31 -> 989.1336 | C31: =B31*1.002 -> 991.11187 | D31: =1.029*C31 -> 1019.8541 | E31: =1.058*D31 -> 1079.0057 | F31: =B31+C31+D31+E31 -> 4079.1052
A32: Business insurance | B32: =0.98*'Year 2 P&L'!E32 -> 2394.966 | C32: =B32*1.002 -> 2399.756 | D32: =1.029*C32 -> 2469.3489 | E32: =1.058*D32 -> 2612.5711 | F32: =B32+C32+D32+E32 -> 9876.6421
A33: Etc. | B33: =0.98*'Year 2 P&L'!E33 -> 0 | C33: =B33*1.002 -> 0 | D33: =1.029*C33 -> 0 | E33: =1.058*D33 -> 0 | F33: =B33+C33+D33+E33 -> 0
A34: Total General & Administrative | B34: =0.98*'Year 2 P&L'!E34 -> 13469.053 | C34: =B34*1.002 -> 13495.991 | D34: =1.029*C34 -> 13887.375 | E34: =1.058*D34 -> 14692.843 | F34: =B34+C34+D34+E34 -> 55545.263
A35: Marketing & Promotional | B35: =0.98*'Year 2 P&L'!E35 -> 0 | C35: =B35*1.002 -> 0 | D35: =1.029*C35 -> 0 | E35: =1.058*D35 -> 0 | F35: =B35+C35+D35+E35 -> 0
... A94: Total Other Expenses | B94: =0.98*'Year 2 P&L'!E94 -> 12787.183 | C94: =B94*1.002 -> 12812.757 | D94: =1.029*C94 -> 13184.327 | E94: =1.058*D94 -> 13949.018 | F94: =B94+C94+D94+E94 -> 52733.284
A95: Total Expenses | B95: =B34+B40+B51+B58+B63+B80+B90+B94 -> 218333.35 | C95: =C34+C40+C51+C58+C63+C80+C90+C94 -> 218770.02 | D95: =D34+D40+D51+D58+D63+D80+D90+D94 -> 225114.35 | E95: =E34+E40+E51+E58+E63+E80+E90+E94 -> 238170.98 | F95: =F34+F40+F51+F58+F63+F80+F90+F94 -> 900388.71
A96: Month Net Profit / (Loss) | B96: =B24-B95 -> 694064.53 | C96: =C24-C95 -> 695452.66 | D96: =D24-D95 -> 715620.78 | E96: =E24-E95 -> 757126.79
A97: Total Year to Date Net Profit / (Loss) | B97: =SUM(B96:E96) -> 2862264.8 | C97: 0 | D97: 0 | E97: 0 | F97: 0
